 Seeded DCSS version 0.30-a0-42-g806c11bf1d (webtiles) character file.

Game seed: 20220830 (custom seed)

17320 AttackTheMoon the Nimble (level 12, -25/92 HPs)
             Began as a Djinni Fire Elementalist on Aug 30, 2022.
             Was a Priest of Makhleb.
             Annihilated by a harpy simulacrum (27 damage)
             ... in an ice cave.
             The game lasted 00:44:25 (14287 turns).

AttackTheMoon the Nimble (DjFE)                    Turns: 14287, Time: 00:44:26

Health: -25/92     AC:  8    Str:  7    XL:     12   Next: 81%
Gold:   552        EV: 17    Int: 32    God:    Makhleb [***...] SH:  0 Dex: 13

rFire   + + +      SeeInvis .    y - +2 mace "Tycaof" {flame, rF+ rCorr}
rCold   x . .      Faith    .    (no shield)
rNeg    + . .      Spirit   .    C - +2 robe "Cell" {rN+ Slay-6 Archmagi}
rPois   ∞          Reflect  .    k - +1 helmet {Int+3}
rElec   .          Harm     .    n - +0 cloak
rCorr   +          Rampage  .    G - +0 pair of gloves
Will    +....      Archmagi +    (boots unavailable)
Stlth   ++........               u - amulet of regeneration
HPRegen 1.05/turn                c - ring of wizardry
MPRegen 0.00/turn                q - +6 ring of intelligence

@: flying
A: sickness immunity, fire resistance 2, cold vulnerability 1, float, innate
caster, HP casting, extra vitality 1
a: Renounce Religion, Minor Destruction, Lesser Servant of Makhleb


You were in an ice cave.
You worshipped Makhleb.
Makhleb was most pleased with you.
You visited 3 branches of the dungeon, and saw 14 of its levels.
You also visited: Bailey and Ice Cave.

You collected 552 gold pieces.

Inventory:

Hand Weapons
 h - a +2 dagger of venom
 y - the +2 mace "Tycaof" (weapon) {flame, rF+ rCorr}
   (You found it on level 8 of the Dungeon)

   It burns those it strikes, dealing additional fire damage.
   rF:        It protects you from fire.
   rCorr:     It protects you from acid and corrosion.
 z - a +3 scimitar of flaming
Armour
 a - a +1 robe
 k - a +1 helmet of intelligence (worn)
 n - a +0 cloak (worn)
 C - the +2 robe "Cell" (worn) {rN+ Slay-6 Archmagi}
   (You found it in a bailey)

   Slay:      It affects your accuracy & damage with ranged weapons and melee
   (-6).
   rN:        It protects you from negative energy.
   Archmagi:  It increases the power of your magical spells.
 D - a +1 helmet of see invisible
 G - a +0 pair of gloves (worn)
 I - a +0 troll leather armour
Jewellery
 c - a ring of wizardry (left hand)
 f - a ring of willpower
 q - a +6 ring of intelligence (right hand)
 s - a +4 ring of protection
 u - an amulet of regeneration (around neck)
 J - a ring of wizardry
 N - a +4 ring of evasion
Wands
 x - a wand of charming (8)
 H - a wand of flame (8)
 K - a wand of iceblast (5)
 L - a wand of light (2)
Scrolls
 b - 3 scrolls of teleportation
 r - a scroll of enchant weapon
 B - a scroll of enchant armour
 E - 2 scrolls of summoning
 F - a scroll of fog
Potions
 d - 2 potions of resistance
 e - 3 potions of might
 g - a potion of heal wounds {unknown}
 i - a potion of invisibility {unknown}
 j - a potion of cancellation {unknown}
 l - 3 potions of mutation {unknown}
 m - 2 potions of berserk rage {unknown}
 o - 2 potions of attraction
 p - 3 potions of degeneration
 t - a potion of flight {unknown}
 v - a potion of magic {unknown}
 w - 2 potions of lignification {unknown}
 A - a potion of curing {unknown}
 M - a potion of haste


   Skills:
 + Level 10.4 Fighting
 + Level 12.1 Dodging
 - Level 1.5 Stealth
 + Level 8.7 Spellcasting
 + Level 8.1 Invocations


You had 2 spell levels left.
You knew the following spells:

 Your Spells              Type           Power      Damage    Failure   Level
a - Foxfire               Conj/Fire      100%       2x1d9     1%          1
b - Scorch                Fire           100%       2d10      1%          2
c - Conjure Flame         Conj/Fire      81%        6-21      1%          3
d - Inner Flame           Hex/Fire       81%        N/A       1%          3
e - Flame Wave            Conj/Fire      81%        2d18      1%          4
f - Magic Dart            Conj           100%       1d8       1%          1
g - Static Discharge      Conj/Air       100%       3-10/arc  1%          2
h - Gell's Gravitas       Tloc           81%        N/A       1%          3
i - Tukima's Dance        Hex            81%        N/A       1%          3
j - Fulminant Prism       Conj/Hex       40%        3d20      1%          4
Your spell library was empty.

Dungeon Overview and Level Annotations

Branches:
Dungeon (12/15)            Temple (1/1) D:4            Lair (1/5) D:10
    Orc (0/2) D:10         Bailey (visited)           IceCv (1/1)

Altars:
Ashenzari
Cheibriados
Dithmenos
Elyvilon
Fedhas
Gozag
Hepliaklqana
Makhleb
Nemelex Xobeh
Okawaru
Qazlal
Ru
Trog
Uskayaw
Wu Jian
Xom
Yredelemnul
Zin
The Shining One
Lugonu

Shops:
D:1 :=*   D:3 (   D:11 (

Portals:
Abyss: D:5

Annotations:
D:8 1 runed translucent door


Innate Abilities, Weirdness & Mutations

You are immune to sickness and miasma.
You are immune to poison.
Your flesh is very heat resistant. (rF++)
You are vulnerable to cold. (rC-)
You float through the air rather than walking.
You learn spells naturally, not from books.
Your magical power is your life essence.
You have superior vitality. (+4 MHP)


Message History

You feel a surge of power!
A wave of flame ripples out! (Press . to intensify the flame waves.)
An ice devil comes into view.
Your magical contamination has completely faded away.
A wave of flame ripples out!
The flame wave engulfs the two-headed ogre simulacrum!!
The two-headed ogre simulacrum melts!
The two-headed ogre simulacrum vaporises!
Makhleb accepts your kill.
You feel better.
You hear a sizzling sound!
A wave of flame ripples out!
The flame wave engulfs the harpy simulacrum!!
The harpy simulacrum melts!
The harpy simulacrum is severely damaged.
The flame wave engulfs the ice devil!
The ice devil is burned terribly!
The ice devil is lightly wounded.
You finish channelling waves of flame.
The harpy simulacrum closely misses you. x2
The harpy simulacrum claws you! The harpy simulacrum freezes you!
You feel a terrible chill! The harpy simulacrum claws you.
The harpy simulacrum freezes you!
You feel a terrible chill!
A two-headed ogre simulacrum comes into view.
The harpy simulacrum claws you. The harpy simulacrum freezes you!!
You feel a terrible chill!
* * * LOW HITPOINT WARNING * * *
The harpy simulacrum claws you.
* * * LOW HITPOINT WARNING * * *
The harpy simulacrum freezes you!
You feel a terrible chill!
* * * LOW HITPOINT WARNING * * *
A reaper comes into view.
It is wielding a +2 scythe of freezing and wearing a +1 robe of cold resistance.
Okay, then.
Okay, then.
The harpy simulacrum closely misses you.
The harpy simulacrum misses you.
The harpy simulacrum closely misses you.
The harpy simulacrum claws you.
* * * LOW HITPOINT WARNING * * *
The harpy simulacrum freezes you!!
You feel a terrible chill!
You die...

# ###. ##.. ##... ## #####
#...# .### ##...##### #...##
...### #........##
######..##.....#
..........###.#...........)#
#..........#....@....##..[##
...............##Z#### ###
#............###§4°#
#..........####.§§##
#.#....#.### ###4Z
####..#### .§. ##..# ..##
##..## 2## #..## #.


You could see 2 ice devils, a harpy simulacrum and a two-headed ogre simulacrum.

Vanquished Creatures
  Erica (D:8)
  A two-headed ogre (D:10)
  A deep elf pyromancer (Bailey)
  An orc knight (Bailey)
  2 ice statues (IceCv)
  A black mamba (Lair:1)
  A gargoyle (D:11)
  An unseen horror (D:5)
  A freezing wraith (IceCv)
  A komodo dragon (Lair:1)
  4 trolls
  6 ice devils
  2 polar bears (D:9)
  A dancing weapon (D:10)
  Sigmund (D:3)
  4 wyverns
  A spriggan (D:8)
  3 shadows
  A water elemental (D:12)
  A wraith (D:12)
  A yak (D:9)
  7 vampire mosquitoes
  A steam dragon (D:9)
  A dire elephant simulacrum (IceCv)
  A death yak simulacrum (IceCv)
  An acid dragon (D:10)
  3 water moccasins
  13 orc warriors
  3 ice beasts
  2 ogres
  2 centaurs
  A wolf (D:9)
  2 phantoms
  8 kobold brigands
  3 gnoll sergeants (D:10)
  3 bullfrogs (D:9)
  A scorpion (D:5)
  3 two-headed ogre simulacra (IceCv)
  21 wights
  An elephant simulacrum (IceCv)
  5 killer bees (D:9)
  4 electric eels
  3 howler monkeys
  A jelly (D:7)
  2 hounds
  4 orc priests
  Jessica (D:3)
  2 iguanas
  8 orc wizards
  Natasha (D:3)
  2 spriggan simulacra (IceCv)
  A polar bear simulacrum (IceCv)
  A wolf simulacrum (IceCv)
  2 troll simulacra (IceCv)
  A centaur simulacrum (D:9)
  A killer bee simulacrum (D:9)
  Robin (D:3)
  A gnoll (D:10)
  11 adders
  A naga simulacrum (IceCv)
  A shadow imp (D:7)
  6 white imps
  6 ufetubi
  A worm (D:3)
  2 dart slugs
  32 orcs
  5 endoplasms
  3 giant cockroaches
  15 goblins
  6 hobgoblins
  6 kobolds
  4 quokkas
  5 ball pythons
  5 bats
  7 frilled lizards
  A rat (D:1)
271 creatures vanquished.

Vanquished Creatures (collateral kills)
  A boulder beetle (D:11)
  A two-headed ogre (D:11)
  An ogre (D:6)
  A kobold brigand (D:5)
  An orc wizard (D:9)
  3 kobolds
8 creatures vanquished.

Vanquished Creatures (others)
  A dancing weapon (D:11)
  284 foxfires
  15 fulminant prisms
300 creatures vanquished.

Grand Total: 579 creatures vanquished

Notes
Turn   | Place    | Note
-------+----------+-------------------------------------------
     0 | D:1      | AttackTheMoon the Djinni Fire Elementalist began the quest
                  | for the Orb.
     0 | D:1      | AttackTheMoon set off with the following spells memorised:
                  | Foxfire, Scorch, Conjure Flame, Inner Flame, Flame Wave.
     0 | D:1      | Reached XP level 1. HP: 15/15 MP: 0/0
    22 | D:1      | Found Xevvepiy's Book Boutique.
    99 | D:1      | Found Voileda's Jewellery Emporium.
   249 | D:1      | Reached XP level 2. HP: 16/21 MP: 0/0
   327 | D:1      | Found Mirhois's Assorted Antiques.
   557 | D:1      | Noticed a golden eye
   560 | D:1      | Found a faded altar of an unknown god.
   562 | D:1      | Noticed an eye of devastation
   562 | D:1      | Noticed a floating eye
   562 | D:1      | Noticed a golden eye
  1079 | D:2      | Reached skill level 3 in Dodging
  1079 | D:2      | Reached XP level 3. HP: 21/25 MP: 0/0
  1079 | D:2      | Learned a level 1 spell: Magic Dart
  1991 | D:2      | Reached XP level 4. HP: 29/31 MP: 0/0
  2861 | D:3      | Noticed Robin
  2872 | D:3      | Killed Robin
  2873 | D:3      | Reached skill level 4 in Dodging
  2873 | D:3      | Reached XP level 5. HP: 21/36 MP: 0/0
  2873 | D:3      | Learned a level 2 spell: Static Discharge
  3104 | D:3      | Found Falube's Weapon Shoppe.
  3114 | D:3      | Noticed Natasha
  3116 | D:3      | Killed Natasha
  3117 | D:3      | Reached skill level 1 in Fighting
  3297 | D:3      | Noticed Sigmund
  3302 | D:3      | Killed Sigmund
  3303 | D:3      | Reached XP level 6. HP: 21/45 MP: 0/0
  3663 | D:3      | Noticed Jessica
  3666 | D:3      | Killed Jessica
  3667 | D:3      | Reached skill level 5 in Dodging
  3738 | D:4      | Reached XP level 7. HP: 41/49 MP: 0/0
  3738 | D:4      | Learned a level 3 spell: Gell's Gravitas
  4053 | D:4      | Found a staircase to the Ecumenical Temple.
  4060 | Temple   | Entered the Ecumenical Temple
  4669 | D:5      | Entered Level 5 of the Dungeon
  5051 | D:5      | Noticed a vampire
  5070 | D:5      | Reached XP level 8. HP: 40/58 MP: 0/0
  5607 | D:5      | Found a one-way gate to the infinite horrors of the Abyss.
  5647 | D:5      | Reached skill level 6 in Dodging
  5821 | D:5      | Found a large runed translucent door.
  5822 | D:5      | Found a large runed translucent door.
  5832 | D:5      | Found a corrupted altar of Lugonu.
  6441 | D:5      | Killed an unseen horror
  6442 | D:5      | Reached skill level 5 in Fighting
  6442 | D:5      | Reached skill level 5 in Spellcasting
  6702 | D:5      | Reached skill level 7 in Dodging
  6882 | D:6      | Reached XP level 9. HP: 62/65 MP: 0/0
  6882 | D:6      | Learned a level 3 spell: Tukima's Dance
  7712 | D:7      | Reached skill level 8 in Dodging
  7795 | D:7      | Found a sacrificial altar of Ru.
  7846 | D:7      | Found an iron altar of Okawaru.
  7853 | D:7      | Found a blossoming altar of Fedhas.
  7856 | D:7      | Found a burning altar of Makhleb.
  7857 | D:7      | Found a snail-covered altar of Cheibriados.
  7930 | D:7      | Became a worshipper of Makhleb the Destroyer
  8389 | D:8      | Reached skill level 1 in Invocations
  8434 | D:8      | Found an opulent altar of Gozag.
  8435 | D:8      | Identified the +2 mace "Tycaof" {flame, rF+ rCorr}
  8505 | D:8      | Reached XP level 10. HP: 38/73 MP: 0/0
  8704 | D:8      | Reached * piety under Makhleb
  8828 | D:8      | Noticed Erica
  8962 | D:8      | Killed Erica
  8963 | D:8      | Reached skill level 9 in Dodging
  9042 | D:8      | Noticed a centaur warrior
  9042 | D:8      | Noticed a cyan ugly thing
  9043 | D:8      | Noticed a boulder beetle
  9043 | D:8      | Found a runed translucent door.
  9045 | D:8      | Noticed an efreet
  9545 | D:9      | Found a white marble altar of Elyvilon.
  9722 | D:9      | Reached XP level 11. HP: 38/81 MP: 0/0
  9722 | D:9      | Learned a level 4 spell: Fulminant Prism
  9830 | D:9      | Reached ** piety under Makhleb
  9870 | D:9      | Reached skill level 5 in Invocations
  9907 | D:9      | Reached skill level 10 in Dodging
 10241 | D:9      | Found an ornate altar of the Wu Jian Council.
 10440 | D:10     | Entered Level 10 of the Dungeon
 10454 | D:10     | Found a staircase to the Lair.
 10674 | D:10     | Noticed a two-headed ogre
 10681 | D:10     | Found a flagged portal.
 10692 | Bailey   | Entered a bailey
 10902 | Bailey   | Noticed an orc knight
 10928 | Bailey   | Killed an orc knight
 10953 | Bailey   | Found a large runed translucent door.
 10953 | Bailey   | Found a large runed translucent door.
 10954 | Bailey   | Noticed a deep elf pyromancer
 11097 | Bailey   | Killed a deep elf pyromancer
 11127 | Bailey   | Identified the +2 robe "Cell" {rN+ Slay-6 Archmagi}
 11196 | D:10     | Killed a two-headed ogre
 11312 | D:10     | Reached *** piety under Makhleb
 11556 | D:10     | Reached skill level 11 in Dodging
 11639 | D:10     | Found a staircase to the Orcish Mines.
 12142 | Lair:1   | Entered Level 1 of the Lair of Beasts
 12315 | Lair:1   | Reached XP level 12. HP: 90/90 MP: 0/0
 12487 | D:11     | Found Beomimuix's Antique Weapon Boutique.
 12491 | D:11     | Noticed a boulder beetle
 12521 | D:11     | Noticed a two-headed ogre
 12530 | D:11     | Killed a two-headed ogre
 12903 | D:11     | Killed a boulder beetle
 13113 | D:11     | Reached skill level 10 in Fighting
 13483 | D:12     | Found a frozen archway.
 13502 | IceCv    | Entered an ice cave
 13652 | IceCv    | HP: 4/91 [something] (36)]
 14272 | IceCv    | Reached skill level 12 in Dodging
 14286 | IceCv    | HP: 2/92 [harpy simulacrum (15)]
 14286 | IceCv    | Noticed a reaper
 14287 | IceCv    | Annihilated by a harpy simulacrum

Illustrated notes

Levels and vault maps discovered:
D:1:      beargit_arrival_greenhouse, layout_loops_cross, serial_shops,
          shop_fountains, shop, nicolae_shop_waterfront,
          hellmonk_ecumenical_altar_watching_god
D:2:      layout_basic, hex_intersection
D:3:      layout_loops_ring, serial_shops, nicolae_shop_statue_plus,
          item_on_display_a, uniq_jessica, uniq_robin, uniq_natasha,
          uniq_sigmund
D:4:      layout_cave_pools, minmay_temple_entry_grid
D:5:      due_chaos_kobolds, layout_loops_corners, minmay_misc_feat_enclosed,
          nicolae_fountain_basement
D:6:      layout_basic
D:7:      layout_loops_ring, minitemple, nicolae_ru_the_path_less_chosen
D:8:      minmay_gate_of_8, layout_basic, mainiacjoe_overflow_paths,
          the_hattery, uniq_erica
D:9:      layout_long_grid, mainiacjoe_overflow_surrounded_room,
          gammafunk_temple_overflow_statue, serial_ice, serial_ice_o,
          serial_ice_f, serial_ice_k, serial_ice_b
D:10:     layout_basic, lair_entry_dummy,
          kennysheep_orc_monster_closet_entryway, enter_bailey_5
D:11:     layout_cave_pools, serial_shops, nicolae_diamond_shop, minmay_holes
D:12:     layout_basic, portal_ice_cave_demonic_guard,
          nemelex_lonely_heart_becter
Temple:   nicolae_temple_bog_church
Lair:1:   layout_layer_cave, lemuel_fruit_tree, serial_bayou_shore_b
IceCv:    ice_cave_small_demon

Skill      XL: |  1  2  3  4  5  6  7  8  9 10 11 12 |
---------------+-------------------------------------+-----
Dodging        | 3 4 5 7 8 9 11 12 | 12.1
Spellcasting   | 3 4 5 6 7 8 |  8.7
Fighting       | 2 3 5 6 8 9 10 | 10.4
Invocations    | 2 4 6 8 |  8.1
Stealth        | |  1.5

Action                   |  1- 3 |  4- 6 |  7- 9 | 10-12 || total
-------------------------+-------+-------+-------+-------++-------
Melee: Dagger            |       |       |     7 |       ||     7
 Cast: Foxfire           |    13 |     9 |     3 |   133 ||   158
       Scorch            |    26 |    43 |    70 |   126 ||   265
       Flame Wave        |       |       |    16 |    63 ||    79
       Magic Dart        |       |       |     4 |     3 ||     7
       Tukima's Dance    |       |       |     2 |     7 ||     9
       Conjure Flame     |       |       |     1 |     1 ||     2
       Fulminant Prism   |       |       |       |    15 ||    15
       Gell's Gravitas   |       |       |       |     5 ||     5
Invok: Lesser Servant of |       |       |       |     3 ||     3
Evoke: Wand              |       |       |       |    16 ||    16
  Use: Scroll            |     5 |     3 |    10 |     5 ||    23
       Potion            |       |       |     1 |       ||     1
Armor: Robe              |     1 |       |    11 |    26 ||    38
Dodge: Dodged            |     2 |     3 |    33 |   133 ||   171

Table legend: (Time is in decaauts)
 A = Elapsed time spent in this place.
 B = Non-inter-level travel time spent in this place.
 C = Inter-level travel time spent in this place.
 D = Time resting spent in this place.
 E = Time spent auto-exploring this place.
 F = Levels seen in this place.
 G = Mean time per level.
                   A        B        C        D        E       F      G
               +--------+--------+--------+--------+--------+-----+--------+
         Total |  14266 |  13770 |    496 |   2888 |   8662 |  16 |  891.6 |
       Dungeon |  12631 |  12164 |    467 |   2129 |   8330 |  12 | 1052.6 |
        Temple |    154 |    145 |      9 |      0 |    120 |   1 |  154.0 |
          Lair |    197 |    177 |     20 |    123 |     30 |   1 |  197.0 |
        Bailey |    497 |    497 |      0 |     78 |    158 |   1 |  497.0 |
      Ice Cave |    784 |    784 |      0 |    558 |     24 |   1 |  784.0 |
               +--------+--------+--------+--------+--------+-----+--------+

Top non-repeatable levels by time:
     D:5: 1933 daAuts
     D:2: 1428 daAuts
     D:3: 1383 daAuts
    D:10: 1357 daAuts
     D:8: 1058 daAuts
     D:1: 967 daAuts
     D:7: 957 daAuts
     D:9: 946 daAuts
     D:4: 932 daAuts
    D:11: 790 daAuts
   IceCv: 784 daAuts
     D:6: 709 daAuts
  Bailey: 497 daAuts
  Lair:1: 197 daAuts
    D:12: 166 daAuts
